AoeStats
← bigbossinthe

Four Lakes

503641694Analyzed
2v2 RM · 29d ago on Sep 1, 2026· 32m 29s· 4 players
Game mode
Random Map
Map size
Medium (4 player)
Population
200
Speed
Normal
Resources
Standard
Victory
Conquest
Starting age
Dark Age
Ending age
Imperial Age
RankedLock teamsTeams togetherTeam positionsShared explorationLock speedFull tech treeHidden civsTurbo modeCheats
Victory
Defeat
🇧🇬 Magyars · Bulgaria
846
+37
🇧🇬 Magyars · Bulgaria
768
+19
🇩🇪 Huns · Germany
810
-42
🇩🇪 Britons · Germany
764
-34
svelehe
13:10 Feudal Age
18:06 Wheelbarrow
20:16 Horse Collar
29:32 Gold Mining
29:30 Double-Bit Axe
Nils
12:08 Feudal Age
34:03 Castle Age
bigbossinthe
12:48 Feudal Age
11:08 Loom
13:16 Horse Collar
13:26 Double-Bit Axe
13:39 Man-at-Arms
22:30 Bloodlines
27:19 Scale Barding Armor
30:47 Castle Age
V7 | Vikned
1:49 Loom
9:59 Feudal Age
12:42 Scale Barding Armor
13:48 Bloodlines
15:18 Double-Bit Axe
16:58 Horse Collar
23:21 Wheelbarrow
28:53 Castle Age
27:17 Fishing Lines
30:09 Chain Barding Armor
30:09 Bow Saw
Connection lost

Rejoining the realm…

Still unreachable

The connection could not be restored.

Session expired

The server has moved on; the page needs a fresh start.